 Dungeon Crawl Stone Soup version 0.16.1-11-g651b585 (webtiles) character file.

2821 karlm the Fighter (level 10, -4/81 HPs)
             Began as a Formicid Fighter on Apr 6, 2015.
             Killed from afar by Maurice (13 damage)
             ... with a wand of lightning
             ... on level 8 of the Dungeon.
             The game lasted 00:21:43 (8483 turns).

karlm the Fighter (Formicid Fighter)                Turns: 8483, Time: 00:21:44

Health: -4/81      AC: 13    Str: 26    XL:     10   Next: 3%
Magic:  0/20       EV:  6    Int:  9    God:
Gold:   482        SH: 11    Dex: 12    Spells: 0 memorised, 9 levels left

rFire  . . .     SeeInvis +     Q - +2 scimitar
rCold  . . .     Clarity  .     j - +0 plate armour (curse)
rNeg   . . .     SustAb   .     c - +0 shield
rPois  .         Gourm    .     (helmet unavailable)
rElec  .         Spirit   +     (no cloak)
rCorr  .         Warding  .     (no gloves)
rMut   .         Stasis   +     r - +0 pair of boots (curse)
MR     +....                    G - amulet of guardian spirit
Stlth  ..........               (no ring)
                                C - ring of wizardry

@: mighty, drained, somewhat resistant to hostile enchantments, extremely
unstealthy
A: permanent stasis, dig shafts and tunnels, four strong arms, antennae 3
a: Dig, Shaft Self


You were on level 8 of the Dungeon.
You were not hungry.

You visited 2 branches of the dungeon, and saw 9 of its levels.
You also visited: Ossuary.

You collected 482 gold pieces.

Inventory:

Hand weapons
 Q - a +2 scimitar (weapon)
 R - a +0 great sword
Missiles
 g - 267 stones (quivered)
 i - 2 needles of sleeping
 t - 23 bolts
 u - 105 arrows
 H - 59 sling bullets
 M - a throwing net
 T - 18 arrows of dispersal
Armour
 c - a +0 shield (worn)
 j - a cursed +0 plate armour (worn)
 r - a cursed +0 pair of boots (worn)
Jewellery
 a - the amulet "Trozulam" {Spirit +Fly rN+ Str+2 Int-2 SInv, unknown}
   (You found it on level 7 of the Dungeon)

   [amulet of guardian spirit]

   It causes incoming damage to be split between your health and magic.
   It affects your strength (+2).
   It affects your intelligence (-2).
   It protects you from negative energy.
   It enhances your eyesight.
   It lets you fly.
 C - a ring of wizardry (left hand)
 G - an amulet of guardian spirit (around neck)
 N - an uncursed ring of invisibility {unknown}
Magical devices
 f - a wand of fireball (4)
 F - a wand of random effects (33)
 L - a wand of random effects (26)
 U - a wand of disintegration (4)
 W - a wand of flame (20)
Scrolls
 b - a scroll of magic mapping
 h - 3 scrolls of enchant weapon {unknown}
 k - 2 scrolls of fog {unknown}
 l - 3 scrolls of teleportation {unknown}
 p - 2 scrolls of noise {unknown}
 q - 2 scrolls of recharging {unknown}
 s - a scroll of amnesia {unknown}
 v - 5 scrolls of remove curse {unknown}
 y - 5 scrolls of identify {unknown}
 E - 2 scrolls of enchant armour {unknown}
 I - 3 scrolls of blinking {unknown}
 J - a scroll of vulnerability {unknown}
 K - a scroll of fear {unknown}
 O - 3 scrolls of random uselessness {unknown}
 V - a scroll of silence {unknown}
Potions
 e - 5 potions of might
 m - 8 potions of curing {unknown}
 n - a potion of brilliance {unknown}
 o - 2 potions of mutation {unknown}
 w - a potion of cancellation {unknown}
 x - a potion of degeneration {unknown}
 z - a potion of haste {unknown}
 A - a potion of poison {unknown}
 D - a potion of ambrosia {unknown}
 P - a potion of heal wounds {unknown}
Comestibles
 d - 16 bread rations
 B - 4 fruits
 S - 4 chunks of flesh
 X - a meat ration


   Skills:
 * Level 8.3(7.5) Fighting
 * Level 7.2(6.5) Long Blades
 + Level 6.5(5.8) Armour
 + Level 7.5(6.7) Shields
 + Level 4.8(4.1) Evocations


You had 9 spell levels left.
You didn't know any spells.

Dungeon Overview and Level Annotations

Branches:
Dungeon (8/15)             Temple (1/1) D:7
   Lair: D:8-11

Altars:
Ashenzari
Dithmenos
Elyvilon
Fedhas
Gozag
Kikubaaqudgha
Makhleb
Nemelex Xobeh
Okawaru
Qazlal
Ru
Sif Muna
Trog
Vehumet
Xom
Yredelemnul
Zin
The Shining One

Shops:
D:5 %   D:6 }   D:7 *

Annotations:
D:8 Maurice


Innate Abilities, Weirdness & Mutations

You are under a permanent stasis effect.
You can dig through walls and to a lower floor.
Your four strong arms can wield two-handed weapons with a shield.
You have a pair of large antennae on your head (SInv).


Message History

Maurice is moderately wounded.
Maurice mumbles some strange words.
Maurice flickers and vanishes for a moment.
You closely miss Maurice.
Maurice is moderately wounded.
Maurice zaps a wand.
The bolt of lightning hits you!
* * * LOW HITPOINT WARNING * * *
The bolt of lightning hits you!
* * * LOW HITPOINT WARNING * * *
The bolt of lightning hits Maurice.
The bolt of lightning misses Maurice.
You slash Maurice!
Maurice is severely wounded.
Maurice mumbles some strange words.
Maurice blinks!
Drink which item? (? for menu, Esc to quit)
You feel very mighty all of a sudden.
You closely miss Maurice.
Maurice is severely wounded.
Maurice zaps a wand.
The bolt of lightning hits you!
You die...

@ .# . ..## ..... #. ####
...# ###....##.... #.@##
....##
.##..........##@#.##.....#
...).......#..##.##.......#
..........# #..#...#
.........# ##..@###
........## #.### .........#
#.## )........# ##..##
..........####....##


You could see Maurice (invisible).

Vanquished Creatures
  Prince Ribbit (D:6)
  A spriggan (D:7)
  Edmund (D:8)
  Menkaure (D:5)
  2 water moccasins (D:7)
  An orc warrior (D:7)
  An ice beast (D:7)
  A phantom (D:5)
  A black bear (D:7)
  2 centaurs
  Sigmund (D:5)
  3 giant frogs
  A wyvern skeleton (D:7)
  2 scorpions
  4 wights (D:7)
  A giant frog zombie (D:6)
  2 hounds
  A giant frog skeleton (D:5)
  2 goliath beetles
  A crimson imp (D:5)
  A jelly (D:6)
  3 iguanas
  A worker ant (D:5)
  An orc wizard (D:5)
  4 big kobold zombies (Ossuary)
  A worker ant zombie (D:5)
  A mummy (Ossuary)
  14 adders
  7 gnolls
  A shadow imp (D:5)
  2 worms
  2 giant mites
  5 giant geckos
  20 orcs
  2 spectral bats (Ossuary)
  3 ball pythons
  12 bats
  3 giant cockroaches
  25 goblins
  21 hobgoblins
  16 kobolds
  4 bat simulacra (Ossuary)
  7 giant newts
  8 gnoll zombies (Ossuary)
  A goblin simulacrum (Ossuary)
  2 goblin zombies (Ossuary)
  5 hobgoblin zombies (Ossuary)
  9 jackals
  3 kobold simulacra (Ossuary)
  6 kobold zombies (Ossuary)
  4 orc zombies (Ossuary)
  8 quokkas
  16 rats
  2 rat simulacra (Ossuary)
  A spectral goblin (Ossuary)
  4 spectral kobolds (Ossuary)
  3 spectral rats (Ossuary)
258 creatures vanquished.

Vanquished Creatures (others)
  A giant spore (D:6)
  A hobgoblin zombie (Ossuary)
2 creatures vanquished.

Grand Total: 260 creatures vanquished

Notes
Turn   | Place    | Note
--------------------------------------------------------------
     0 | D:1      | karlm, the Formicid Fighter, began the quest for the Orb.
     0 | D:1      | Reached XP level 1. HP: 18/18 MP: 1/1
   102 | D:1      | Reached XP level 2. HP: 24/24 MP: 3/3
   274 | D:1      | Reached XP level 3. HP: 19/29 MP: 4/4
   567 | D:1      | Reached skill level 4 in Shields
   750 | D:1      | Found a sparkling altar of Nemelex Xobeh.
  1059 | D:2      | Reached XP level 4. HP: 32/37 MP: 5/5
  1706 | D:2      | You fall through a shaft for 2 floors!
  1725 | D:4      | Reached XP level 5. HP: 15/43 MP: 7/7
  1870 | D:4      | Reached XP level 6. HP: 23/49 MP: 8/8
  2006 | D:4      | Reached skill level 5 in Shields
  2371 | D:4      | Found an iron altar of Okawaru.
  2371 | D:4      | Found a blossoming altar of Fedhas.
  2708 | D:3      | Found a stormy altar of Qazlal.
  2710 | D:3      | Noticed Sigmund
  3047 | D:3      | Reached skill level 5 in Fighting
  3188 | D:3      | Reached XP level 7. HP: 50/56 MP: 9/9
  3699 | D:5      | Entered Level 5 of the Dungeon
  3846 | D:5      | Noticed Menkaure
  3866 | D:5      | Killed Menkaure
  3866 | D:5      | Reached skill level 5 in Armour
  4224 | D:5      | Killed Sigmund
  4224 | D:5      | Reached skill level 1 in Evocations
  4230 | D:5      | Found Zeschush's Food Shop.
  4749 | D:5      | Reached XP level 8. HP: 46/64 MP: 10/12
  4968 | D:5      | Reached skill level 6 in Shields
  5258 | D:6      | Found a glowing golden altar of the Shining One.
  5309 | D:6      | Found a sand-covered staircase.
  5315 | Ossuary  | Entered an ossuary
  5466 | Ossuary  | Reached skill level 5 in Long Blades
  6259 | D:6      | Noticed Prince Ribbit
  6511 | D:6      | Killed Prince Ribbit
  6511 | D:6      | Reached skill level 7 in Fighting
  6511 | D:6      | Reached XP level 9. HP: 33/72 MP: 9/16
  6634 | D:6      | Found Ahiqusma's Gadget Shop.
  7168 | D:7      | Found Uwo Frir's Assorted Antiques.
  7274 | D:7      | Noticed a spriggan baker
  7289 | D:7      | Killed a spriggan baker
  7360 | D:7      | Got a vibrating copper amulet
  7639 | D:7      | Found a sacrificial altar of Ru.
  7754 | D:7      | Reached skill level 8 in Fighting
  7846 | D:7      | Found a staircase to the Ecumenical Temple.
  7929 | Temple   | Entered the Ecumenical Temple
  8113 | D:7      | Found a glowing silver altar of Zin.
  8225 | D:8      | Noticed Edmund
  8244 | D:8      | Killed Edmund
  8301 | D:8      | Reached XP level 10. HP: 65/80 MP: 19/19
  8459 | D:8      | Noticed Maurice
  8483 | D:8      | Killed from afar by Maurice

Action                   |  1- 3 |  4- 6 |  7- 9 | 10-12 || total
-------------------------+-------+-------+-------+-------++-------
Melee: Long sword        |   134 |   343 |   662 |       ||  1139
       Scimitar          |       |       |    54 |    24 ||    78
       Great sword       |       |       |    52 |       ||    52
 Abil: Dig               |     4 |    10 |    14 |     3 ||    31
  Use: Scroll            |       |       |     1 |       ||     1
       Potion            |       |       |       |     1 ||     1
 Stab: Distracted        |       |       |     1 |       ||     1
  Eat: Chunk             |     1 |     8 |    13 |     1 ||    23
       Beef jerky        |       |       |     1 |       ||     1
       Meat ration       |       |       |     1 |       ||     1
